 Dungeon Crawl Stone Soup version 0.26-a0-752-gcff87cac9a (webtiles) character file.

Game seed: 16653059008609809754

31 jiml777 the Gusty (level 3, -11/19 HPs)
             Began as a Deep Elf Air Elementalist on Nov 6, 2020.
             Mangled by a worm (12 damage)
             ... on level 2 of the Dungeon.
             The game lasted 00:02:55 (296 turns).

jiml777 the Gusty (Deep Elf Air Elementalist)        Turns: 296, Time: 00:02:55

Health: -11/19     AC:  2    Str:  5    XL:     3   Next: 7%
Magic:  0/10       EV: 13    Int: 20    God:
Gold:   0          SH:  0    Dex: 15    Spells: 8/9 levels left

rFire    . . .     SeeInvis .   (no weapon)
rCold    . . .     Faith    .   (no shield)
rNeg     . . .     Spirit   +   a - +0 robe
rPois    .         Reflect  .   (no helmet)
rElec    .         Harm     .   (no cloak)
rCorr    .         Rampage  .   (no gloves)
MR       .....                  (no boots)
Stlth    ++........             b - amulet of guardian spirit
HPRegen  0.06/turn              (no ring)
MPRegen  0.12/turn              (no ring)

@: no status effects
A: no striking features
a: no special abilities


You were on level 2 of the Dungeon.
You visited 1 branch of the dungeon, and saw 2 of its levels.

Inventory:

Armour
 a - a +0 robe (worn)
Jewellery
 b - an amulet of guardian spirit (around neck)


   Skills:
 + Level 2.6 Dodging
 + Level 2.6 Stealth
 + Level 3.5 Spellcasting
 + Level 1.2 Conjurations
 + Level 3.7 Air Magic


You had 8 spell levels left.
You knew the following spells:

 Your Spells              Type           Power        Failure   Level
a - Shock                 Conj/Air       ##..         4%          1

Your spell library contained the following spells:

 Spells                   Type           Power        Failure   Level
 Swiftness                Air            ###.....     4%          2
 Static Discharge         Conj/Air       ##......     14%         3
 Airstrike                Air            ###.......   28%         4
 Lightning Bolt           Conj/Air       ##........   80%         5


Dungeon Overview and Level Annotations

Branches:
Dungeon (1/15)

Altars:


Message History

Found 11 gold pieces.
A worm comes into view.
Casting: Shock (safe; 5% risk of failure)
Confirm with . or Enter, or press ? or * to list all spells.
Aiming: Shock (safe; 5% risk of failure)
Press: ? - help, Shift-Dir - straight line The zap hits the gnoll.
You kill the gnoll!
You have reached level 3!
Your experience leads to an increase in your attributes!
Increase (S)trength, (I)ntelligence, or (D)exterity?
You feel clever.
An adder comes into view.
A hobgoblin comes into view. It is wielding a +0 club.
The worm bites you!
* * * LOW HITPOINT WARNING * * *
As you open the door, it creaks loudly! The adder bites you.
The worm bites you!
Ouch! That really hurt!
You die...

#. #.# #. #.#
#######. ### #.# #
#....g.. .... #.#
#.##.#####. ....
#.# #..........
..... #.#
####.#####.
.....##'##### #g#
#g .......@....#
#g# #.
......wSr...#
#.#####r
............#
#r#.....
...g.##g#####
#.#.###. #####
#.#########.#.###.
#.g..g.g....#.....
#############.....
#..... #.....


You could see a worm, 2 gnolls, an adder, a hobgoblin and a rat.

Vanquished Creatures
  2 gnolls (D:2)
  An adder (D:2)
  A goblin (D:2)
  A hobgoblin (D:1)
5 creatures vanquished.

Notes
Turn   | Place    | Note
-------+----------+-------------------------------------------
     0 | D:1      | jiml777 the Deep Elf Air Elementalist began the quest for
                  | the Orb.
     0 | D:1      | Reached XP level 1. HP: 10/10 MP: 6/6
   107 | D:1      | You fall into a shaft and drop 1 floor!
   139 | D:2      | Reached XP level 2. HP: 15/15 MP: 2/8
   291 | D:2      | Reached XP level 3. HP: 6/19 MP: 5/10
   296 | D:2      | Mangled by a worm

Illustrated notes

Levels and vault maps discovered:
D:1:      matt_arrival_spirals, layout_basic, chequers_serial_rivers_room_b,
          chequers_serial_rivers_micro_b
D:2:      minmay_door_path, layout_basic, kennysheep_nondescript, uniq_terence

Action                   || total
-------------------------++-------
 Cast: Shock             ||    15
Armor: Robe              ||     2
Dodge: Dodged            ||     7

Table legend: (Time is in decaauts)
 A = Elapsed time spent in this place.
 B = Non-inter-level travel time spent in this place.
 C = Inter-level travel time spent in this place.
 D = Time resting spent in this place.
 E = Time spent auto-exploring this place.
 F = Levels seen in this place.
 G = Mean time per level.
                   A        B        C        D        E       F      G
               +--------+--------+--------+--------+--------+-----+--------+
         Total |    295 |    295 |      0 |     75 |     58 |   2 |  147.5 |
       Dungeon |    295 |    295 |      0 |     75 |     58 |   2 |  147.5 |
               +--------+--------+--------+--------+--------+-----+--------+

Top non-repeatable levels by time:
     D:2: 188 daAuts
     D:1: 107 daAuts
